 Dungeon Crawl Stone Soup version 0.26-a0-519-gb2f46efeda (webtiles) character file.

Game seed: 9135470993412544439

198 KristoblXynda the Ducker (level 5, -3/41 HPs)
             Began as a Vampire Gladiator on Aug 10, 2020.
             Was an Initiate of Okawaru.
             Slain by a gnoll
             ... wielding a +0 whip
              (7 damage)
             ... on level 4 of the Dungeon.
             The game lasted 00:03:51 (2302 turns).

KristoblXynda the Ducker (Vampire Gladiator)        Turns: 2302, Time: 00:03:52

Health: -3/41      AC:  6    Str: 14    XL:     5   Next: 47%
Magic:  5/5        EV: 13    Int: 11    God:    Okawaru [......]
Gold:   188        SH:  0    Dex: 15    Spells: 4/4 levels left

rFire    . . .     SeeInvis +   a - +0 long sword
rCold    . . .     Faith    .   (no shield)
rNeg     . . .     Spirit   .   f - +0 ring mail
rPois    .         Reflect  .   c - +0 helmet
rElec    .         Harm     .   (no cloak)
rCorr    .                      (no gloves)
MR       .....                  (no boots)
Stlth    ++........             (no amulet)
HPRegen  0.33/turn              (no ring)
MPRegen  0.09/turn              (no ring)

@: regenerating quickly
A: fangs 3, see invisible, unbreathing
a: Exsanguinate, Renounce Religion


You were on level 4 of the Dungeon.
You worshipped Okawaru.
Okawaru was noncommittal.
You visited 1 branch of the dungeon, and saw 4 of its levels.

You collected 188 gold pieces.

Inventory:

Hand Weapons
 a - a +0 long sword (weapon)
Missiles
 d - 3 throwing nets (quivered)
Armour
 c - a +0 helmet (worn)
 f - a +0 ring mail (worn)
Jewellery
 m - an uncursed ring of magical power
 n - an uncursed ring of ice
Scrolls
 b - a scroll of enchant armour {unknown}
 g - a scroll of fog {unknown}
 i - 6 scrolls of identify {unknown}
 j - 6 scrolls of teleportation {unknown}
 k - a scroll of amnesia {unknown}
 o - a scroll of magic mapping {unknown}
Potions
 e - 2 potions of might {unknown}
 h - 2 potions of lignification {unknown}
 l - a potion of resistance {unknown}


   Skills:
 + Level 3.0 Fighting
 + Level 4.0 Long Blades
 - Level 2.0 Throwing
 + Level 4.4 Dodging
 + Level 3.1 Stealth


You had 4 spell levels left.
You didn't know any spells.
Your spell library was empty.

Dungeon Overview and Level Annotations

Branches:
Dungeon (4/15)
 Temple: D:4-7

Altars:
Okawaru
Vehumet
Xom


Innate Abilities, Weirdness & Mutations

Your natural rate of healing is unusually fast.
You have razor-sharp teeth.
You have supernaturally acute eyesight. (SInv)
You can survive without breathing.


Message History

You barely miss the gnoll.
The gnoll is severely wounded.
The gnoll hits you with a +0 whip. The gnoll hits you with a +0 whip!
* * * LOW HITPOINT WARNING * * *
You slash the gnoll!
You kill the gnoll!
Okawaru accepts your kill.
You closely miss the gnoll. You bite the gnoll.
The gnoll is moderately wounded.
The gnoll misses you.
You hit the gnoll.
The gnoll is almost dead.
The gnoll hits you with a +0 whip.
* * * LOW HITPOINT WARNING * * *
The gnoll hits you with a +0 whip.
* * * LOW HITPOINT WARNING * * *
You barely miss the gnoll.
The gnoll is almost dead.
The gnoll hits you with a +0 whip!
You die...

#.# ##.....#####...##
.....# #.# ##...##
##...###.....## #.# #...#
##......>....# #.# ##..##
##..........# #.# #...#
##.......... #.# ##..##
#......#. #(# ##..##
##)....# #.# ##..##
#......# #.# ##.@###
##......## #.##
##.g.###........##
#..####
##........##....##
##....##
##......####(...#
#.....## ##....>.# ##....
##.....## ####.......#
##†..
#.......####..........#
#...
..............[##########
.... #######...).####
.....


You could see a gnoll.

Vanquished Creatures
  Jessica (D:2)
  A worker ant (D:2)
  4 gnolls
  3 adders (D:2)
  A worm (D:3)
  2 dart slugs (D:1)
  3 orcs (D:3)
  4 ball pythons
  3 giant cockroaches
  6 goblins
  5 hobgoblins
  9 jackals
  A quokka (D:4)
  9 bats
  5 frilled lizards
  10 kobolds
  5 rats
72 creatures vanquished.

Notes
Turn   | Place    | Note
-------+----------+-------------------------------------------
     0 | D:1      | KristoblXynda the Vampire Gladiator began the quest for the
                  | Orb.
     0 | D:1      | Reached XP level 1. HP: 16/16 MP: 1/1
    48 | D:1      | Reached XP level 2. HP: 14/22 MP: 2/2
   323 | D:1      | Reached XP level 3. HP: 27/27 MP: 3/3
   461 | D:1      | Found a shimmering altar of Xom.
   681 | D:2      | Reached skill level 1 in Stealth
   869 | D:2      | Reached XP level 4. HP: 34/34 MP: 4/4
   921 | D:2      | Noticed Jessica
   929 | D:2      | Killed Jessica
  1147 | D:2      | Found a radiant altar of Vehumet.
  1480 | D:3      | Reached XP level 5. HP: 39/40 MP: 5/5
  2007 | D:3      | Found an iron altar of Okawaru.
  2085 | D:3      | Became a worshipper of Warmaster Okawaru
  2302 | D:4      | Slain by a gnoll

Illustrated notes

Levels and vault maps discovered:
D:1:      shiori_shiawase, layout_rooms, serial_glass, glass_columns_a,
          glass_columns_b, glass_columns_a, xom_teletrap_fun
D:2:      layout_loops_ring, nicolae_overflow_hidden_temple,
          chequers_serial_rivers_small_b, uniq_jessica
D:3:      layout_loops_corners, okawaru_altar_gauntlet_db
D:4:      gammafunk_steamed_eel, layout_layer_cave,
          hellmonk_ghost_happy_afterlife, st_stairs_9, roderic_roman_lattice,
          kennysheep_nub

Skill      XL: |  1  2  3  4  5 |
---------------+----------------+-----
Fighting       | 2 3 |  3.0
Throwing       | 2 |  2.0
Stealth        | 1 2 3 |  3.1
Dodging        | 4 |  4.4
Long Blades    | 4 |  4.0

Action                   |  1- 3 |  4- 6 || total
-------------------------+-------+-------++-------
Melee: Long sword        |    51 |    25 ||    76
       Bite              |    10 |    15 ||    25
       Dagger            |    55 |    83 ||   138
Armor: Leather armour    |    12 |       ||    12
       Ring mail         |    36 |    37 ||    73
Dodge: Dodged            |    99 |    73 ||   172
       Rpst.: Long sword |    25 |     2 ||    27

Table legend: (Time is in decaauts)
 A = Elapsed time spent in this place.
 B = Non-inter-level travel time spent in this place.
 C = Inter-level travel time spent in this place.
 D = Time resting spent in this place.
 E = Time spent auto-exploring this place.
 F = Levels seen in this place.
 G = Mean time per level.
                   A        B        C        D        E       F      G
               +--------+--------+--------+--------+--------+-----+--------+
         Total |   2302 |   2220 |     82 |    122 |   1569 |   4 |  575.5 |
       Dungeon |   2302 |   2220 |     82 |    122 |   1569 |   4 |  575.5 |
               +--------+--------+--------+--------+--------+-----+--------+

Top non-repeatable levels by time:
     D:3: 919 daAuts
     D:2: 683 daAuts
     D:1: 541 daAuts
     D:4: 158 daAuts
